Map: Orbital Shipyard

Players

herO - Winner!

  • Race: Protoss Protoss

sOs

  • Race: Protoss Protoss

Event: IEM Season 10 - Taipei

VOD

Have the link to the VOD?

Description

Time

  • Played on: Feb. 1, 2016, 11:03 p.m.
  • Length: 5:33

All games in this series

Show
View Real Time Build Order
Export as new Build Order

herO Protoss - Winner!

Build Orders: Phoenix Opening 

Get SALT Encoding   

  12  0:12  Pylon  
  12  0:13  Probe (Chrono Boost)  
  13  0:23  Probe (Chrono Boost)  
  14  0:34  Probe (Chrono Boost), Gateway  
  15  0:41  Assimilator  
  15  0:45  Probe (Chrono Boost)  
  16  0:51  Assimilator  
  16  0:55  Probe (Chrono Boost)  
  17  1:06  Probe (Chrono Boost)  
  17  1:09  Pylon  
  18  1:16  Probe (Chrono Boost)  
  19  1:21  Cybernetics Core  
  19  1:27  Probe (Chrono Boost)  
  20  1:38  Probe (Chrono Boost)  
  21  1:48  Probe (Chrono Boost)  
  22  1:57  Adept (Chrono Boost)  
  22  1:58  Warp Gate (Chrono Boost)  
  22  1:59  Mothership Core (Chrono Boost)  
  26  2:17  Pylon  
  26  2:23  Probe  
  26  2:25  Adept (Chrono Boost)  
  26  2:28  Pylon  
  26  2:29  Pylon  
  29  2:31  Pylon  
  29  2:35  Probe  
  30  2:43  Pylon  
  30  2:45  Pylon  
  30  2:49  Adept (Chrono Boost)  
  32  2:58  Stargate  
  30  3:27  Stalker (Chrono Boost)  
  30  3:29  Pylon  
  32  3:36  Gateway x2  
  32  3:41  Phoenix (Chrono Boost)  
  34  3:54  Gateway  
  30  4:04  Phoenix (Chrono Boost)  
  32  4:10  Stalker  
  30  4:31  Stalker  
  30  4:32  Stalker  
  34  4:39  Stalker  
  36  4:50  Stalker  
  38  4:56  Pylon  
  38  5:06  Stalker x2  
  42  5:12  Stalker  
  44  5:21  Stalker  
Show
View Real Time Build Order
Export as new Build Order

sOs Protoss 

Build Orders: Oracle Opening 

Get SALT Encoding   

  12  0:00  Probe (Chrono Boost)  
  13  0:11  Probe (Chrono Boost)  
  14  0:17  Pylon  
  14  0:21  Probe (Chrono Boost)  
  15  0:36  Gateway, Probe (Chrono Boost)  
  16  0:43  Assimilator  
  16  0:46  Probe (Chrono Boost)  
  17  0:51  Assimilator  
  17  1:00  Probe (Chrono Boost)  
  19  1:11  Probe (Chrono Boost)  
  19  1:21  Probe (Chrono Boost)  
  19  1:23  Cybernetics Core  
  20  1:32  Probe (Chrono Boost)  
  21  1:43  Probe (Chrono Boost)  
  23  1:56  Pylon  
  23  2:01  Warp Gate  
  22  2:06  Pylon  
  22  2:14  Stalker (Chrono Boost)  
  22  2:15  Mothership Core (Chrono Boost)  
  26  2:23  Stargate  
  26  2:33  Probe  
  26  2:34  Pylon  
  27  2:43  Stalker (Chrono Boost)  
  29  2:45  Probe  
  29  2:47  Pylon  
  30  2:57  Probe  
  31  3:09  Stalker (Chrono Boost)  
  31  3:10  Probe  
  33  3:17  Oracle (Chrono Boost)  
  33  3:22  Probe  
  32  3:42  Probe  
  33  3:54  Nexus  
  32  3:58  Probe (Chrono Boost)  
  33  4:09  Probe (Chrono Boost)  
  32  4:31  Gateway, Probe (Chrono Boost)  
  30  4:39  Gateway  
  30  4:41  Sentry  
  30  4:48  Probe (Chrono Boost)  
  30  4:49  Twilight Council  
  31  4:58  Probe (Chrono Boost)  
  31  4:59  Pylon  
  32  5:05  Pylon  
  30  5:07  Stalker  
  29  5:26  Stalker  
  31  5:28  Stalker  

Tags
 
Add a new tag
Caveats
  • Supply blocks, unpowered buildings, or Contaminate may cause inaccurate times.
  • Supply counts are checked every 10 seconds.